 Dungeon Crawl Stone Soup version 0.22-a0-246-gdc04c06 (webtiles) character file.

1819347 Vectris71 the Conqueror (level 27, 204/273 HPs)
             Began as a Minotaur Berserker on Feb 21, 2018.
             Was a High Priest of Trog.
             Escaped with the Orb
             ... and 3 runes on Feb 22, 2018!
             The game lasted 06:51:09 (61465 turns).

Vectris71 the Conqueror (Minotaur Berserker)       Turns: 61465, Time: 06:51:09

Health: 204/273    AC: 51    Str: 21    XL:     27
Magic:  20/20      EV: 18    Int:  9    God:    Trog [*****.]
Gold:   3168       SH: 21    Dex: 22    Spells: 26/26 levels left

rFire    + + +     SeeInvis +   N - +11 broad axe "Uniecus" {speed, +Blink rF+ rC+ Int+2}
rCold    + + .     Gourm    .   k - +3 shield {reflect}
rNeg     . . .     Faith    .   r - +9 crystal plate armour
rPois    +         Spirit   .   (helmet restricted)
rElec    +         Reflect  +   Q - +2 cloak {MR+}
rCorr    .         Harm     .   e - +0 pair of gloves "Abreb" {rC+ MR+ Dex-3 SInv}
MR       +++++                  M - +2 pair of boots {run}
Stlth    ..........             t - amulet of Lugonu's Favour {+Inv Regen+ MP-9 Int+2 Slay+5}
HPRegen  0.95/turn              u - ring of protection from fire
MPRegen  0.17/turn              y - ring "Piobb" {rElec rPois MR+ Dex+4}

@: quick
A: retaliatory headbutt, horns 2, thin metallic scales 1, yellow scales 1,
camouflage 1, fire resistance 1, low mp 1, sense surroundings 1, shaggy fur 1,
weak 1, no potion heal 1
0: Orb of Zot
}: 3/15 runes: decaying, silver, gossamer
a: Berserk, Trog's Hand, Brothers in Arms, Renounce Religion, Evoke Blink, Evoke
Invisibility


You escaped.
You worshipped Trog.
Trog was extremely pleased with you.
You were not hungry.

You visited 9 branches of the dungeon, and saw 49 of its levels.
You visited 1 bazaar.
You also visited: Labyrinth, Sewer and Volcano.

You collected 7942 gold pieces.
You spent 4774 gold pieces at shops.

Inventory:

Hand Weapons
 f - a +7 antimagic broad axe
 N - the +11 broad axe "Uniecus" (weapon) {speed, +Blink rF+ rC+ Int+2}
   (You took it off a deep elf death mage on level 3 of the Elven Halls)

   Attacks with this weapon are significantly faster.
   It affects your intelligence (+2).
   It protects you from fire.
   It protects you from cold.
   It lets you blink.
Missiles
 B - 7 silver tomahawks (quivered)
Armour
 e - the +0 pair of gloves "Abreb" (worn) {rC+ MR+ Dex-3 SInv}
   (You bought it in a shop on level 2 of the Orcish Mines)

   It affects your dexterity (-3).
   It protects you from cold.
   It affects your resistance to hostile enchantments.
   It lets you see invisible.
 k - a +3 shield of reflection (worn)
 r - a +9 crystal plate armour (worn)
 H - a scarf of cloud immunity
 M - a +2 pair of boots of running (worn)
 Q - a +2 cloak of magic resistance (worn)
Jewellery
 h - the ring "Bues" {rElec rC++ MR+}
   (You took it off a deep elf demonologist on level 3 of the Elven Halls)

   [ring of protection from magic]

   It greatly protects you from cold.
   It insulates you from electricity.
   It affects your resistance to hostile enchantments.
 t - the amulet of Lugonu's Favour (around neck) {+Inv Regen+ MP-9 Int+2 Slay+5}
   (You found it on level 7 of the Dungeon)

   [amulet of regeneration]

   It affects your intelligence (+2).
   It affects your accuracy and damage with ranged weapons and melee attacks
   (+5).
   It affects your magic capacity (-9).
   It lets you turn invisible.
   It increases your rate of regeneration.
 u - a ring of protection from fire (left hand)
 y - the ring "Piobb" (right hand) {rElec rPois MR+ Dex+4}
   (You found it on level 2 of the Lair of Beasts)

   [ring of protection from magic]

   It affects your dexterity (+4).
   It insulates you from electricity.
   It protects you from poison.
   It affects your resistance to hostile enchantments.
 S - the ring of Trog's Envy {rN+ Str+4}
   (You took it off a deep elf elementalist on level 3 of the Elven Halls)

   [ring of positive energy]

   It affects your strength (+4).
   It protects you from negative energy.
Wands
 d - a wand of digging (63)
 n - a wand of enslavement (14)
 x - a wand of polymorph (45)
 O - a wand of disintegration (88)
 P - a wand of paralysis (39)
 T - a wand of acid (45)
 U - a wand of iceblast (44)
 V - a wand of clouds (6)
Scrolls
 i - 4 scrolls of enchant armour
 j - 17 scrolls of teleportation
 m - 7 scrolls of immolation
 q - 11 scrolls of magic mapping
 v - 6 scrolls of blinking
 w - 3 scrolls of fear
 D - a scroll of holy word
 E - 21 scrolls of remove curse
 G - 6 scrolls of fog
 L - 2 scrolls of silence
 X - 4 scrolls of brand weapon
 Z - 3 scrolls of summoning
Potions
 a - 9 potions of ambrosia
 b - 3 potions of mutation
 g - 4 potions of might
 l - 17 potions of curing
 p - 4 potions of agility
 s - 4 potions of haste
 z - 4 potions of resistance
 I - 11 potions of heal wounds
 J - 3 potions of cancellation
 R - 2 potions of flight
 W - 4 potions of invisibility
Miscellaneous
 F - 2 sacks of spiders
 K - a box of beasts
Comestibles
 c - 65 rations


   Skills:
 O Level 27 Fighting
 O Level 27 Axes
 - Level 21.0 Armour
 - Level 21.0 Dodging
 + Level 22.2 Shields
 - Level 15.0 Evocations


You had 26 spell levels left.
You didn't know any spells.

Dungeon Overview and Level Annotations

Branches:
Dungeon (15/15)            Temple (0/1) D:7            Lair (6/6) D:9
  Swamp (4/4) Lair:2       Spider (4/4) Lair:3        Slime (0/5) Lair:5
    Orc (2/2) D:10            Elf (3/3) Orc:2        Vaults (5/5) D:13
  Crypt (0/3) Vaults:2     Depths (5/5) D:15            Zot (5/5) Depths:5

Altars:
Ashenzari
Cheibriados
Fedhas
Gozag
Kikubaaqudgha
Nemelex Xobeh
Trog
Wu Jian
Xom
Yredelemnul
The Shining One
Beogh
Jiyva

Shops:
D:6 :   D:9 ?**   D:10 :   D:12 =   D:13 [   D:14 }   Orc:1 *   Orc:2 !([*:
Elf:1 :   Elf:3 [   Vaults:1 (   Depths:3 =}   Depths:5 (}**

Portals:
Hell: Depths:1 Depths:2 Depths:3 Depths:4 Depths:5
Abyss: Depths:1 Depths:2 Depths:3 Depths:4
Pandemonium: Depths:3 Depths:4 Depths:5
Ziggurat: Depths:1

Annotations:
D:8 exclusion: downstairs
Swamp:3 exclusion: Roxanne, Roxanne
Elf:2 exclusion: 4 lightning spires
Depths:4 exclusion: 2 ice statues


Innate Abilities, Weirdness & Mutations

You reflexively headbutt those who attack you in melee.
You have a pair of horns on your head.
You are partially covered in thin metallic scales. (AC +2)
You are partially covered in yellow scales. (AC +2)
Your skin changes colour to match your surroundings (Stealth+).
Your flesh is heat resistant. (rF+)
Your magical capacity is low. (-10% MP)
You passively map a small area around you.
You are covered in fur. (AC +1)
You are weak. (Str -2)
Potions are less effective at restoring your health.


Message History

A stone staircase leading up.
This square is covered in magical glow.
You climb upwards.
There is a stone staircase leading down here.
There is a stone staircase leading up here.
You climb upwards.
There is a stone staircase leading down here.
You are no longer corroded.
Evoke which item? (* to show all) (? for menu, Esc to quit)
Aiming: Dig
Press: ? - help, Shift-Dir - straight line The rock shatters into small pieces.
Your extra speed is starting to run out.
You feel yourself slow down.
There is a staircase leading out of the dungeon here.
You reach into the bag... ...but nothing happens.
Okay, then.
You open the lid... ...and a mature stingweird beast leaps out!
You have escaped!

.# #..## ######## .##### #).# ##
.....# #..# #. ##.#.# #..# #.
#.#.# #..# #. ##.#.# #..# ##.
...#.# ######..# ##.. .###.#
#.......# ##.#.
.###.###########@H###########.##.
..##.##......................###.
...#.##.##..##......##..##...# ##
.....##......................#
...####.######......######...#
..#####......................####
......#.####################.#...
#######.#.##.# #.# #.#.##
#...##.#######.### #...##


You could see a friendly mature stingweird beast.

Vanquished Creatures
  3 orbs of fire (Zot:5)
  2 juggernauts
  6 ancient liches
  Sojobo (Vaults:4)
  the Lernaean hydra (Swamp:4)
  Margery (Vaults:4)
  Saint Roka (Depths:4)
  A curse toe (Zot:4)
  Frederick (Vaults:2)
  Xtahua (Depths:3)
  6 Killer Klowns
  5 caustic shrikes (Depths:5)
  the Enchantress (Depths:3)
  7 golden dragons
  Arachne (Spider:3)
  Jorgrun (Depths:1)
  3 liches
  3 electric golems
  10 tentacled monstrosities
  4 quicksilver dragons
  29 Orb Guardians
  2 deep elf blademasters
  6 titans
  3 deep elf master archers (Elf:3)
  4 sphinxes
  13 death cobs
  2 thorn hunters
  Frances (D:13)
  8 shadow dragons
  Donald (Spider:2)
  Gastronok (D:10)
  Agnes (Elf:1)
  13 tengu reavers
  3 draconian monks
  17 storm dragons
  8 deep elf sorcerers
  8 fire giants
  5 draconian knights
  5 ghost moths
  3 draconian shifters
  11 frost giants
  5 draconian scorchers
  An iron dragon (Vaults:5)
  2 draconian stormcallers
  14 deep elf elementalists
  7 emperor scorpions
  3 cacodemons
  Aizul (Swamp:3)
  3 large abominations (Vaults:4)
  7 draconian annihilators
  18 stone giants
  16 ironheart preservers
  17 very ugly things
  8 vault wardens
  A juggernaut skeleton (Depths:2)
  6 spriggan defenders
  A war gargoyle (Vaults:2)
  4 entropy weavers
  4 vampire knights
  10 deep elf demonologists
  A minotaur (Lab)
  6 deep elf annihilators
  10 green draconians
  A dire elephant (shapeshifter) (Vaults:5)
  7 black draconians
  12 yellow draconians
  10 purple draconians
  13 white draconians
  8 red draconians
  2 dire elephants
  6 spark wasps
  A blizzard demon (Depths:4)
  Snorg (Orc:1)
  27 ettins
  10 deep elf death magi
  13 fire dragons
  5 deep elf high priests
  8 great orbs of eyes
  24 hydras
  16 yaktaur captains
  9 ogre magi
  Fannar (Orc:1)
  26 vault guards
  7 rakshasas
  10 ice dragons
  A ghost crab (Swamp:2)
  16 centaur warriors
  An anaconda (Swamp:4)
  6 spriggan air magi
  5 catoblepae
  21 dancing weapons
  30 two-headed ogres
  Erica (D:11)
  12 alligators
  A queen ant (Lair:3)
  7 death knights
  10 deep troll shamans
  A hell hog (Depths:3)
  9 death yaks
  2 orc high priests
  8 spriggan berserkers
  5 tengu warriors
  11 deep troll earth magi
  Urug (Lair:2)
  Nergalle (D:12)
  12 deep elf knights
  3 vampire magi (Depths:5)
  2 shock serpents (Elf:2)
  A shadow wraith (Vaults:5)
  2 sun demons
  A soul eater (Depths:4)
  4 iron trolls
  A salamander mystic (Depths:4)
  A fire crab (Lair:6)
  20 skeletal warriors (Depths:2)
  3 unseen horrors
  A deep troll (shapeshifter) (Vaults:5)
  4 glowing orange brains
  A spriggan druid (Swamp:3)
  24 deep trolls
  8 hell knights
  8 swamp dragons
  An unseen horror (shapeshifter) (Vaults:1)
  2 sixfirhies
  2 shambling mangroves (Swamp:2)
  3 flayed ghosts
  14 wizards
  A torturous demonspawn (Depths:4)
  An orange crystal statue (Zot:5)
  An obsidian statue (Zot:5)
  23 deep elf archers
  A harpy (Vaults:1)
  A golden dragon skeleton (Depths:2)
  14 ironbrand convokers
  6 phantasmal warriors
  16 orc knights
  2 harpies (shapeshifter)
  Pikel (D:8)
  50 deep elf magi
  13 necromancers
  16 orb spiders
  31 wolf spiders
  3 tengu skeletons (Depths:2)
  2 sphinx skeletons (Depths:2)
  43 ugly things
  24 moths of wrath
  A shadow dragon skeleton (Depths:2)
  7 cyclopes
  5 salamanders (Depths:4)
  A salamander (shapeshifter) (Depths:2)
  An iron dragon skeleton (Depths:2)
  4 orc sorcerers
  5 toenail golems (Volcano)
  6 manticores
  3 fire giant skeletons (Depths:2)
  14 vault sentinels
  2 stone giant skeletons
  2 centaur zombies
  A guardian serpent (shapeshifter) (Vaults:3)
  4 molten gargoyles (D:13)
  8 black mambas
  The ghost of Vectris71 the Chopper, a novice MiBe of Trog (D:4)
  A frost giant skeleton (Depths:2)
  A smoke demon (Depths:4)
  18 spiny frogs
  3 torpor snails
  2 orange demons (Depths:5)
  5 gargoyles
  A human zombie (Vaults:3)
  The ghost of LasiaceMobile the Slasher, a novice OpGl (D:5)
  2 rime drakes
  3 ice devils (Depths:4)
  7 freezing wraiths
  11 demonic crawlers
  A human skeleton (Vaults:3)
  11 komodo dragons
  38 yaktaurs
  A yaktaur skeleton (Depths:1)
  8 spriggan skeletons
  2 polar bears (shapeshifter)
  9 trolls
  A hellwing (Depths:5)
  2 tengu conjurers
  A jumping spider (shapeshifter) (Vaults:4)
  2 trolls (shapeshifter)
  A tengu simulacrum (Vaults:3)
  3 meliai (Spider:4)
  4 tyrant leeches
  33 jumping spiders
  2 queen bees (shapeshifter)
  4 polar bears (Lair:6)
  8 blink frogs (Lair:3)
  A dream sheep (Lair:6)
  17 hornets
  32 slime creatures
  12 bog bodies
  A raiju (Elf:2)
  A frost giant simulacrum (Vaults:4)
  A deep troll zombie (Depths:1)
  A dream sheep (shapeshifter) (Depths:5)
  A meliai zombie (D:12)
  18 flying skulls (Depths:2)
  11 hippogriffs
  3 air elementals
  2 redbacks (shapeshifter)
  13 wraiths
  22 tarantellas
  44 yaks
  46 redbacks
  9 spriggans
  2 water elementals
  2 ettin skeletons
  A tarantella (shapeshifter) (Vaults:4)
  2 wyverns
  2 vampires
  3 shadows
  3 fire elementals
  4 basilisks
  A basilisk (shapeshifter) (Vaults:1)
  2 hungry ghosts
  5 vampire mosquitoes
  A human simulacrum (Vaults:1)
  A harpy simulacrum (Vaults:1)
  2 elf skeletons
  7 wargs
  19 insubstantial wisps
  14 swamp worms
  15 soldier ants
  A soldier ant (shapeshifter) (Vaults:4)
  5 hell hounds (Depths:3)
  10 water moccasins
  9 porcupines
  55 orc warriors
  12 swamp drakes
  4 ice beasts
  A slave (D:8)
  3 black bears
  6 sky beasts
  Purgy (Sewer)
  An eye of draining (D:10)
  An ice dragon simulacrum (Depths:1)
  An eye of draining (shapeshifter) (Depths:3)
  2 phantoms
  3 boggarts (Depths:3)
  41 ogres
  40 centaurs
  A tengu (shapeshifter) (Depths:1)
  10 wolves
  18 crocodiles
  A big kobold (shapeshifter) (Vaults:4)
  4 big kobolds
  18 bullfrogs
  A glowing shapeshifter simulacrum (Vaults:1)
  3 gnoll sergeants (D:10)
  A wyvern zombie (D:12)
  5 earth elementals
  6 scorpions
  29 killer bees
  11 wights
  3 howler monkeys
  3 electric eels
  15 crimson imps
  2 quasits
  3 bullfrog zombies
  4 bullfrog skeletons
  4 centaur skeletons
  7 hounds
  9 jellies
  22 orc priests
  Jessica (D:3)
  7 iguanas
  47 orc wizards
  39 worker ants
  2 hound zombies
  A worker ant zombie (D:7)
  3 gnolls (D:10)
  A howler monkey skeleton (D:4)
  16 adders
  7 shadow imps
  3 white imps (Vaults:1)
  10 oozes
  2 adder skeletons
  2 worms (D:5)
  3 dart slugs
  3 leopard geckos
  147 orcs
  6 ball pythons
  2 bat zombies (D:2)
  7 giant cockroaches
  5 goblins
  6 hobgoblins
  5 jackals
  11 quokkas
  3 bats (D:1)
  5 frilled lizards
  24 kobolds
  A leopard gecko skeleton (D:8)
  4 rats
  2 rat zombies (D:2)
  4 crawling corpses
  28 fungi
  7 plants
2443 creatures vanquished.

Vanquished Creatures (collateral kills)
  An ancient lich (Zot:5)
  Asterion (Elf:1)
  A deep elf blademaster (Elf:3)
  An Executioner (D:11)
  A storm dragon (Zot:5)
  A frost giant (Depths:5)
  2 orc warlords
  A draconian shifter (Zot:1)
  A black draconian (Zot:1)
  A deep elf death mage (Elf:3)
  A fire dragon (Depths:5)
  A vault guard (Vaults:5)
  A hell beast (D:11)
  An anaconda (shapeshifter) (Depths:3)
  A dancing weapon (Elf:2)
  A spriggan (Depths:3)
  A spriggan berserker (Depths:5)
  A hell knight (Depths:5)
  Sonja (D:11)
  A deep elf knight (Elf:2)
  A swamp dragon (Swamp:4)
  A phantasmal warrior (Vaults:5)
  2 oklob plants (Lair:4)
  3 deep elf magi (Elf:2)
  3 orc sorcerers (Orc:2)
  2 hornets (Depths:3)
  A slime creature (Depths:3)
  A water moccasin (Lair:4)
  A hell hound (Depths:3)
  2 orc warriors (Orc:2)
  2 boggarts (Depths:3)
  An earth elemental (Elf:1)
  2 orc priests (Orc:2)
  2 orc wizards (Orc:2)
  3 orcs (Orc:2)
48 creatures vanquished.

Vanquished Creatures (others)
  A yaktaur captain (Vaults:4)
  An alligator (Swamp:2)
  A hell knight (Vaults:4)
  3 yaktaurs
  A golden eye (shapeshifter) (Elf:1)
  A chaos spawn (D:3)
  A slave (D:8)
  An ufetubus (Zot:5)
  3 ball lightnings
  An orc (Elf:1)
  40 fungi
  6 plants
  9 toadstools (D:3)
69 creatures vanquished.

Grand Total: 2560 creatures vanquished

Notes
Turn   | Place    | Note
-------+----------+-------------------------------------------
     0 | D:1      | Vectris71 the Minotaur Berserker began the quest for the Orb.
     0 | D:1      | Reached XP level 1. HP: 19/19 MP: 0/0
    43 | D:1      | Reached XP level 2. HP: 23/27 MP: 1/1
   759 | D:2      | Found a shattered altar of Ashenzari.
   764 | D:2      | Reached ** piety under Trog
   802 | D:2      | You fall through a shaft!
   811 | D:3      | Reached XP level 3. HP: 30/33 MP: 2/2
   904 | D:2      | Found a blossoming altar of Fedhas.
  1213 | D:2      | Found an ancient bone altar of Kikubaaqudgha.
  1606 | D:3      | Reached XP level 4. HP: 35/40 MP: 3/3
  1690 | D:3      | Reached skill level 5 in Axes
  1706 | D:3      | Reached XP level 5. HP: 24/47 MP: 4/4
  1709 | D:3      | Reached *** piety under Trog
  1914 | D:3      | Noticed Jessica
  1936 | D:3      | Killed Jessica
  2367 | D:4      | Noticed Vectris71's ghost (novice MiBe)
  2372 | D:4      | Reached skill level 5 in Fighting
  2376 | D:4      | Reached XP level 6. HP: 56/56 MP: 5/5
  2448 | D:4      | Killed Vectris71's ghost
  2448 | D:4      | Reached skill level 5 in Armour
  2448 | D:4      | Reached XP level 7. HP: 62/62 MP: 6/6
  3156 | D:5      | Entered Level 5 of the Dungeon
  3180 | D:5      | Found a glowing golden altar of the Shining One.
  3237 | D:5      | Reached XP level 8. HP: 68/71 MP: 7/7
  3264 | D:5      | Reached **** piety under Trog
  3277 | D:5      | Found a basalt altar of Yredelemnul.
  3350 | D:5      | Found a glowing golden altar of the Shining One.
  3374 | D:5      | Found a glowing drain.
  3378 | D:5      | Noticed LasiaceMobile's ghost (novice OpGl)
  3392 | D:5      | Killed LasiaceMobile's ghost
  3403 | Sewer    | Entered a sewer
  3422 | Sewer    | Noticed Purgy
  3424 | Sewer    | Killed Purgy
  3903 | D:5      | Reached skill level 10 in Axes
  3998 | D:5      | Found a shimmering altar of Xom.
  4319 | D:6      | Found a snail-covered altar of Cheibriados.
  4367 | D:6      | Found an opulent altar of Gozag.
  4461 | D:6      | Found Ettythe's Book Emporium.
  4495 | D:6      | Found a snail-covered altar of Cheibriados.
  4654 | D:6      | Reached XP level 9. HP: 81/81 MP: 8/8
  4692 | D:6      | Noticed a red ugly thing
  4904 | D:6      | Killed a red ugly thing
  5437 | D:7      | Found a transporter.
  5448 | D:7      | Received a gift from Trog
  5819 | D:7      | Found an ornate altar of the Wu Jian Council.
  5884 | D:7      | Reached ***** piety under Trog
  6085 | D:7      | Found a staircase to the Ecumenical Temple.
  6442 | D:7      | Noticed a troll
  6451 | D:7      | Killed a troll
  6451 | D:7      | Reached XP level 10. HP: 91/91 MP: 9/9
  6514 | D:7      | Found a transporter.
  6537 | D:7      | Got a transparent amethyst amulet
  6749 | D:8      | Noticed a two-headed ogre
  6755 | D:8      | Killed a two-headed ogre
  6962 | D:8      | Noticed Pikel
  6972 | D:8      | Killed Pikel
  6972 | D:8      | Reached skill level 10 in Fighting
  7321 | D:8      | Reached skill level 10 in Armour
  7725 | D:9      | Found Loanoof's General Store.
  7736 | D:9      | Bought a scroll of teleportation for 33 gold pieces
  7736 | D:9      | Bought a scroll of fog for 22 gold pieces
  7736 | D:9      | Bought a scroll of identify for 22 gold pieces
  7736 | D:9      | Identified the amulet of Lugonu's Favour {+Inv Regen+ MP-9 Int+2 Slay+5} (You found it on level 7 of the Dungeon)
  7837 | D:9      | Noticed an eight-headed hydra
  8284 | D:9      | Found a staircase to the Lair.
  8621 | D:9      | Found Eckeuni Lac's Magic Scroll Boutique.
  8634 | D:9      | Bought a scroll of enchant weapon for 97 gold pieces
  8634 | D:9      | Bought a scroll of identify for 26 gold pieces
  8634 | D:9      | Bought a scroll of identify for 26 gold pieces
  8752 | D:9      | Reached XP level 11. HP: 101/101 MP: 1/10
  8795 | D:9      | Found Ocajamp's Assorted Antiques.
  8809 | D:9      | Bought a scroll of teleportation for 96 gold pieces
  9237 | D:9      | Found Wizol's Magic Scroll Shop.
  9255 | D:10     | Entered Level 10 of the Dungeon
  9259 | D:10     | Noticed a two-headed ogre
  9270 | D:10     | Killed a two-headed ogre
  9285 | D:10     | Received a gift from Trog
  9548 | D:10     | Found a staircase to the Orcish Mines.
  9623 | D:10     | Reached skill level 15 in Axes
  9681 | D:10     | Noticed Gastronok
  9710 | D:10     | Killed Gastronok
  9828 | D:10     | Noticed a two-headed ogre
  9832 | D:10     | Killed a two-headed ogre
  9989 | D:10     | Found Leoseaf's Book Emporium.
 10328 | Lair:1   | Entered Level 1 of the Lair of Beasts
 10410 | Lair:1   | Found a labyrinth entrance.
 10447 | Lab      | Entered a labyrinth
 10999 | Lab      | Noticed a minotaur
 11012 | Lab      | Killed a minotaur
 11012 | Lab      | Reached skill level 1 in Evocations
 11012 | Lab      | Reached XP level 12. HP: 91/112 MP: 1/12
 11022 | Lab      | Identified the Reference Book on Earth
 11024 | Lab      | Identified Fephuum's Collected Works on Mutagenic Earth
 11663 | Lair:1   | Identified a +0 pair of boots of running (You found it in a labyrinth)
 11701 | Lair:2   | Noticed Urug
 11707 | Lair:2   | Killed Urug
 11739 | Lair:2   | Found a dark tunnel.
 11751 | Volcano  | Entered a volcano
 11905 | Volcano  | Paralysed by a wizard for 3 turns
 12279 | Lair:2   | Noticed a four-headed hydra
 12287 | Lair:2   | Killed a two-headed hydra
 12396 | Lair:2   | Got a twitching brass ring
 12398 | Lair:2   | Noticed a five-headed hydra
 12404 | Lair:2   | Killed a seven-headed hydra
 12436 | Lair:2   | Found a staircase to the Swamp.
 12450 | Lair:2   | Noticed a six-headed hydra
 12455 | Lair:2   | Killed a four-headed hydra
 12509 | Lair:2   | Noticed a four-headed hydra
 12516 | Lair:2   | Killed a one-headed hydra
 12929 | Lair:2   | Identified the ring "Piobb" {rElec rPois MR+ Dex+4} (You found it on level 2 of the Lair of Beasts)
 12956 | Lair:3   | Reached skill level 5 in Evocations
 13022 | Lair:3   | Reached XP level 13. HP: 122/122 MP: 6/15
 13033 | Lair:3   | Received a gift from Trog
 13763 | Lair:3   | Found a hole to the Spider Nest.
 14437 | Lair:4   | Received a gift from Trog
 14751 | Lair:5   | Found a viscous altar of Jiyva.
 14752 | Lair:5   | Found a staircase to the Slime Pits.
 15502 | Lair:6   | Entered Level 6 of the Lair of Beasts
 15798 | Lair:6   | Found a frozen archway.
 15811 | Lair:6   | Reached XP level 14. HP: 133/133 MP: 8/17
 16259 | Lair:6   | Reached skill level 15 in Fighting
 16706 | Lair:6   | Reached ****** piety under Trog
 16914 | Lair:6   | Found the +11 plutonium sword {*Contam Stlth-}
 17069 | Lair:1   | Gained mutation: You are frail. (-10% HP) [potion of mutation]
 17069 | Lair:1   | Gained mutation: You are clumsy. (Dex -2) [potion of mutation]
 17069 | Lair:1   | Gained mutation: Your spells are a little harder to cast, but a little more powerful. [potion of mutation]
 17069 | Lair:1   | Lost mutation: You are frail. (-10% HP) [potion of mutation]
 17070 | Lair:1   | Lost mutation: Your spells are a little harder to cast, but a little more powerful. [potion of mutation]
 17070 | Lair:1   | Lost mutation: You are clumsy. (Dex -2) [potion of mutation]
 17070 | Lair:1   | Gained mutation: Your skin changes colour to match your surroundings (Stealth+). [potion of mutation]
 17070 | Lair:1   | Gained mutation: Scrolls take you a little longer to read. [potion of mutation]
 17070 | Lair:1   | Gained mutation: You are partially covered in yellow scales. (AC +2) [potion of mutation]
 17071 | Lair:1   | Lost mutation: Scrolls take you a little longer to read. [potion of mutation]
 17071 | Lair:1   | Gained mutation: You have a pair of large horns on your head. [potion of mutation]
 17171 | Orc:1    | Entered Level 1 of the Orcish Mines
 17171 | Orc:1    | Noticed Fannar
 17200 | Orc:1    | Killed Fannar
 17447 | Orc:1    | Noticed an orc warlord
 17453 | Orc:1    | Received a gift from Trog
 17460 | Orc:1    | Killed an orc warlord
 17485 | Orc:1    | Found Sopt's General Store.
 17500 | Orc:1    | Bought a scroll of noise for 14 gold pieces
 17601 | Orc:1    | Noticed Snorg
 17617 | Orc:1    | Killed Snorg
 17741 | Orc:2    | Entered Level 2 of the Orcish Mines
 17964 | Orc:2    | Noticed an orc warlord
 17979 | Orc:2    | Killed an orc warlord
 17979 | Orc:2    | Reached skill level 5 in Dodging
 18049 | Orc:2    | Reached XP level 15. HP: 145/145 MP: 11/20
 18219 | Orc:2    | Found a roughly hewn altar of Beogh.
 18283 | Orc:2    | Found Meocoar's Distillery.
 18295 | Orc:2    | Bought a potion of heal wounds for 75 gold pieces
 18295 | Orc:2    | Bought a potion of haste for 150 gold pieces
 18295 | Orc:2    | Bought a potion of haste for 150 gold pieces
 18384 | Orc:2    | Found a staircase to the Elven Halls.
 18410 | Orc:2    | Found Xykare's General Store.
 18417 | Orc:2    | Received a gift from Trog
 18476 | Orc:2    | Bought a scroll of remove curse for 33 gold pieces
 18533 | Orc:2    | Found Kinlusot's Antique Weapon Shoppe.
 18539 | Orc:2    | Found Coexytt's Antique Armour Shoppe.
 18572 | Orc:2    | Found a roughly hewn altar of Beogh.
 18804 | Orc:2    | Found Tysyrach's Book Shoppe.
 19037 | D:9      | Bought a scroll of identify for 26 gold pieces
 19037 | D:9      | Bought a scroll of identify for 26 gold pieces
 19037 | D:9      | Bought a scroll of identify for 26 gold pieces
 19284 | Swamp:1  | Entered Level 1 of the Swamp
 20071 | Swamp:2  | Received a gift from Trog
 20163 | Swamp:2  | Noticed a thorn hunter
 20168 | Swamp:2  | Killed a thorn hunter
 20392 | Swamp:3  | Noticed a thorn hunter
 20401 | Swamp:3  | Killed a thorn hunter
 20544 | Swamp:3  | Noticed Aizul
 20552 | Swamp:3  | Killed Aizul
 20605 | Swamp:3  | Noticed Roxanne
 21009 | Swamp:4  | Entered Level 4 of the Swamp
 21250 | Swamp:4  | Received a gift from Trog
 21254 | Swamp:4  | Got a fine battleaxe {god gift}
 21255 | Swamp:4  | Identified the +3 battleaxe of Abomination {chop, rElec rPois Str-3 SInv} (Trog gifted it to you on level 4 of the Swamp)
 21544 | Swamp:4  | Reached XP level 16. HP: 157/157 MP: 13/22
 21651 | Swamp:4  | Noticed the 27-headed Lernaean hydra
 21984 | Swamp:4  | Killed the 24-headed Lernaean hydra
 22186 | Swamp:4  | Got a decaying rune of Zot
 22501 | Lair:1   | Identified a scroll of acquirement
 22578 | Spider:1 | Entered Level 1 of the Spider Nest
 23129 | Spider:1 | Reached skill level 10 in Evocations
 23993 | Spider:2 | Noticed Donald
 24003 | Spider:2 | Killed Donald
 24188 | Spider:2 | Received a gift from Trog
 25641 | Spider:3 | Noticed Arachne
 25652 | Spider:3 | Killed Arachne
 25652 | Spider:3 | Reached skill level 15 in Armour
 25652 | Spider:3 | Reached skill level 10 in Dodging
 25652 | Spider:3 | Reached XP level 17. HP: 133/169 MP: 14/23
 26149 | Spider:4 | Entered Level 4 of the Spider Nest
 26243 | Spider:4 | Received a gift from Trog
 27170 | Spider:4 | Got a gossamer rune of Zot
 27767 | Elf:1    | Entered Level 1 of the Elven Halls
 27772 | Elf:1    | Noticed Agnes
 27778 | Elf:1    | Killed Agnes
 28089 | Elf:1    | Noticed Asterion
 28114 | Elf:1    | Killed Asterion
 28341 | Elf:1    | Found Cemiude's Book Shoppe.
 28814 | Elf:2    | Received a gift from Trog
 28818 | Elf:2    | Got a jewelled battleaxe {god gift}
 28819 | Elf:2    | Identified the +4 battleaxe of Subjectivity {elec, rF+ rC+} (Trog gifted it to you on level 2 of the Elven Halls)
 28832 | Elf:2    | Found a runed gate.
 28832 | Elf:2    | Found a runed gate.
 28834 | Elf:2    | Found a runed gate.
 28860 | Elf:2    | Reached XP level 18. HP: 159/182 MP: 15/24
 29512 | Orc:2    | Bought a glowing crystal plate armour for 2407 gold pieces
 29621 | D:11     | Found a flickering gateway to a bazaar.
 29636 | Bazaar   | Entered a bazaar
 29640 | Bazaar   | Found Suukk's Jewellery Boutique.
 29658 | Bazaar   | Found Enuimuh's Armour Shoppe.
 29675 | Bazaar   | Found Ynuilo's Book Boutique.
 29692 | Bazaar   | Found Jaimpeasm's Jewellery Emporium.
 29806 | D:11     | Noticed Erica
 29812 | D:11     | Killed Erica
 30022 | D:11     | Noticed Sonja
 30031 | D:11     | Killed Sonja
 30441 | D:12     | Received a gift from Trog
 30782 | D:12     | Found Nafen's Jewellery Shop.
 31207 | D:12     | Noticed Nergalle
 31216 | D:12     | Killed Nergalle
 31238 | D:13     | Noticed Frances
 31244 | D:13     | Killed Frances
 31459 | D:13     | Found a gate to the Vaults.
 31853 | D:13     | Found Hicoilir's Armour Shoppe.
 32021 | D:14     | Received a gift from Trog
 32214 | D:14     | Found Hiun's Gadget Emporium.
 32776 | D:15     | Entered Level 15 of the Dungeon
 33209 | D:15     | Found a staircase to the Depths.
 33597 | Orc:2    | Bought a pair of transparent gloves for 275 gold pieces
 33597 | Orc:2    | Identified the cursed +0 pair of gloves "Abreb" {rC+ MR+ Dex-3 SInv} (You bought it in a shop on level 2 of the Orcish Mines)
 33855 | Depths:1 | Entered Level 1 of the Depths
 33858 | Depths:1 | Found a one-way gate to the infinite horrors of the Abyss.
 34332 | Depths:1 | Found a gateway to Hell.
 34517 | Depths:1 | Found a gateway to a ziggurat.
 34530 | Depths:1 | Received a gift from Trog
 34561 | Depths:1 | Noticed Jorgrun
 34574 | Depths:1 | Killed Jorgrun
 35005 | Depths:1 | Found a bloodstained altar of Trog.
 35357 | Depths:2 | Reached XP level 19. HP: 193/193 MP: 17/26
 35806 | Depths:2 | Received a gift from Trog
 36857 | Depths:2 | Got a spiked chain mail
 36868 | Depths:2 | Identified the +1 chain mail "Kosam" {rC- Regen+ Dex+7} (You found it on level 2 of the Depths)
 37067 | Depths:3 | Upgraded the game from 0.22-a0-242-g4884353 to 0.22-a0-246-gdc04c06
 37135 | Depths:3 | Found Den Samn's Jewellery Shoppe.
 37138 | Depths:3 | Found Olonuer's Gadget Shop.
 37139 | Depths:3 | Found Fagacs's Jewellery Shoppe.
 37142 | Depths:3 | Received a gift from Trog
 37400 | Depths:3 | Found a one-way gate leading to the halls of Pandemonium.
 37551 | Depths:3 | Noticed Xtahua
 37578 | Depths:3 | Killed Xtahua
 37578 | Depths:3 | Reached XP level 20. HP: 83/206 MP: 19/28
 37910 | Depths:3 | Received a gift from Trog
 38560 | Depths:3 | Noticed a juggernaut
 38571 | Depths:3 | Killed a juggernaut
 38625 | Depths:3 | Found the +8 frozen axe "Frostbite" {freezing cloud, *Noise +Fly rC+}
 38860 | Depths:4 | Noticed the Enchantress
 38875 | Depths:3 | Killed the Enchantress
 38877 | Depths:3 | Got faerie dragon scales
 38888 | Depths:3 | Identified the +4 faerie dragon scales {+Blink rCorr Str+4 Stlth+} (You took it off the Enchantress on level 3 of the Depths)
 39188 | Depths:4 | Reached skill level 15 in Dodging
 39441 | Depths:4 | Received a gift from Trog
 39495 | Depths:4 | Gained mutation: You tend to lose your temper in combat. [a cacodemon]
 39687 | Depths:4 | Noticed Saint Roka
 39705 | Depths:4 | Received a gift from Trog
 39709 | Depths:4 | Killed Saint Roka
 40164 | Depths:4 | Reached XP level 21. HP: 221/221 MP: 20/29
 40638 | Depths:5 | Entered Level 5 of the Depths
 40745 | Depths:5 | Noticed a juggernaut
 40756 | Depths:5 | Killed a juggernaut
 41155 | Depths:5 | Found a gate to the Realm of Zot.
 41203 | Depths:5 | Received a gift from Trog
 41402 | Depths:5 | Found a sparkling altar of Nemelex Xobeh.
 41663 | Depths:5 | Noticed a caustic shrike
 41665 | Depths:5 | Killed a caustic shrike
 41698 | Depths:5 | Found Xeloriry's Antique Weapon Shop.
 41700 | Depths:5 | Found Beh Iqenn's Gadget Boutique.
 41702 | Depths:5 | Found Supraob's Assorted Antiques.
 41784 | Depths:5 | Noticed a caustic shrike
 41785 | Depths:5 | Noticed a caustic shrike
 41785 | Depths:5 | Noticed a caustic shrike
 41786 | Depths:5 | Noticed a caustic shrike
 41804 | Depths:5 | Killed a caustic shrike
 41814 | Depths:5 | Killed a caustic shrike
 41820 | Depths:5 | Killed a caustic shrike
 41823 | Depths:5 | Killed a caustic shrike
 42409 | Depths:5 | Found Qoykkis's Blood Bar.
 43032 | Elf:2    | Received a gift from Trog
 43244 | Elf:2    | Reached skill level 27 in Fighting
 43419 | Elf:2    | Reached XP level 22. HP: 213/233 MP: 21/30
 43599 | Elf:3    | Entered Level 3 of the Elven Halls
 43819 | Elf:3    | Found Feraf's Armour Shop.
 43897 | Elf:3    | Received a gift from Trog
 44745 | Elf:3    | Got a clouded bone ring
 44788 | Elf:3    | Received a gift from Trog
 44886 | Elf:3    | Got a faintly glowing wooden ring
 44891 | Elf:3    | Identified the ring "Bues" {rElec rC++ MR+} (You took it off a deep elf demonologist on level 3 of the Elven Halls)
 44892 | Elf:3    | Identified the ring of Trog's Envy {rN+ Str+4} (You took it off a deep elf elementalist on level 3 of the Elven Halls)
 44935 | Elf:3    | Got a warped steel ring
 44938 | Elf:3    | Identified the Almanac of the Glacial Blaze
 44956 | Elf:3    | Identified the ring "Tovism" {MP+9 Int+4 Stlth+} (You took it off a deep elf sorcerer on level 3 of the Elven Halls)
 44988 | Elf:3    | Identified the Volume of Scorching Malediction
 44991 | Elf:3    | Identified the Almanac of Heat and Air
 45011 | Elf:3    | Got a shimmering broad axe {speed}
 45038 | Elf:3    | Identified the +11 broad axe "Uniecus" {speed, +Blink rF+ rC+ Int+2} (You took it off a deep elf death mage on level 3 of the Elven Halls)
 45898 | Vaults:1 | Entered Level 1 of the Vaults
 45908 | Vaults:1 | Reached skill level 1 in Shields
 45984 | Vaults:1 | Received a gift from Trog
 46116 | Vaults:1 | Reached skill level 5 in Shields
 46447 | Vaults:1 | Received a gift from Trog
 46693 | Vaults:1 | Reached skill level 10 in Shields
 47180 | Vaults:1 | Reached XP level 23. HP: 240/240 MP: 23/32
 47207 | Vaults:1 | Found Cusigoal's Antique Weapon Emporium.
 47346 | Vaults:2 | Received a gift from Trog
 47349 | Vaults:2 | Got an iridescent war axe {god gift}
 47350 | Vaults:2 | Identified the +9 war axe "Wisipos" {speed, MR+ Str+3} (Trog gifted it to you on level 2 of the Vaults)
 47462 | Vaults:2 | Found a staircase to the Crypt.
 47752 | Vaults:2 | Noticed Frederick
 47767 | Vaults:2 | Killed Frederick
 47944 | Vaults:2 | Received a gift from Trog
 48540 | Vaults:2 | Reached skill level 15 in Shields
 48733 | D:9      | Bought a scroll of enchant armour for 82 gold pieces
 49036 | Vaults:3 | Received a gift from Trog
 50231 | Vaults:4 | Noticed Margery
 50234 | Vaults:4 | Noticed Sojobo
 50296 | Vaults:4 | Killed Sojobo
 50306 | Vaults:4 | Killed Margery
 50792 | Vaults:4 | Reached XP level 24. HP: 230/249 MP: 23/32
 50798 | Vaults:4 | Received a gift from Trog
 51324 | Vaults:4 | Received a gift from Trog
 52092 | Vaults:5 | Entered Level 5 of the Vaults
 52394 | Vaults:5 | Noticed an ancient lich
 52421 | Vaults:5 | Reached skill level 15 in Evocations
 52882 | Vaults:4 | Received a gift from Trog
 53086 | Vaults:5 | Killed an ancient lich
 53406 | Vaults:5 | Received a gift from Trog
 53551 | Vaults:5 | Reached XP level 25. HP: 248/257 MP: 24/33
 54206 | Vaults:5 | Got a silver rune of Zot
 54697 | Orc:2    | Bought a potion of mutation for 120 gold pieces
 54697 | Orc:2    | Bought a potion of curing for 45 gold pieces
 54697 | Orc:2    | Bought a potion of curing for 45 gold pieces
 54697 | Orc:2    | Bought 2 potions of invisibility for 240 gold pieces
 54725 | Orc:1    | Bought a potion of heal wounds for 70 gold pieces
 54725 | Orc:1    | Bought a scroll of fog for 28 gold pieces
 54794 | D:9      | Bought 2 potions of haste for 640 gold pieces
 55094 | Zot:1    | Entered Level 1 of the Realm of Zot
 55124 | Zot:1    | Received a gift from Trog
 56466 | Zot:2    | Found the +8 longbow "Zephyr" {speed, Dex+3 SInv}
 57510 | Zot:3    | Reached XP level 26. HP: 260/266 MP: 24/33
 58064 | Zot:4    | Received a gift from Trog
 58568 | Zot:4    | Received a gift from Trog
 58844 | Zot:5    | Entered Level 5 of the Realm of Zot
 58921 | Zot:5    | Noticed an orb of fire
 58926 | Zot:5    | Gained mutation: You do not regenerate when monsters are visible. [an orb of fire]
 58933 | Zot:5    | Gained mutation: You are dopey. (Int -2) [an orb of fire]
 58938 | Zot:5    | Killed an orb of fire
 58943 | Zot:5    | Lost mutation: You tend to lose your temper in combat. [potion of mutation]
 58943 | Zot:5    | Lost mutation: You are dopey. (Int -2) [potion of mutation]
 58943 | Zot:5    | Lost mutation: You do not regenerate when monsters are visible. [potion of mutation]
 58943 | Zot:5    | Gained mutation: Scrolls take you a little longer to read. [potion of mutation]
 58943 | Zot:5    | Gained mutation: You have sharp toenails. [potion of mutation]
 58944 | Zot:5    | Lost mutation: You have a pair of large horns on your head. [potion of mutation]
 58944 | Zot:5    | Lost mutation: Scrolls take you a little longer to read. [potion of mutation]
 58944 | Zot:5    | Lost mutation: You have sharp toenails. [potion of mutation]
 58944 | Zot:5    | Gained mutation: Your flesh is heat resistant. (rF+) [potion of mutation]
 58944 | Zot:5    | Gained mutation: You are partially covered in thin metallic scales. (AC +2) [potion of mutation]
 58944 | Zot:5    | Gained mutation: Your magical capacity is low. (-10% MP) [potion of mutation]
 58944 | Zot:5    | Gained mutation: You are covered in fur. (AC +1) [potion of mutation]
 59452 | Zot:5    | Noticed an ancient lich
 59487 | Zot:5    | Killed an ancient lich
 59518 | Zot:5    | Noticed an ancient lich
 59529 | Zot:5    | Killed an ancient lich
 59549 | Zot:5    | Noticed an ancient lich
 59559 | Zot:5    | Killed an ancient lich
 59597 | Zot:5    | Noticed an ancient lich
 59607 | Zot:5    | Killed an ancient lich
 59687 | Zot:5    | Noticed an orb of fire
 59699 | Zot:5    | Gained mutation: You passively map a small area around you. [an orb of fire]
 59711 | Zot:5    | Killed an orb of fire
 59735 | Zot:5    | Noticed an ancient lich
 59740 | Zot:5    | Killed an ancient lich
 59740 | Zot:5    | Reached skill level 27 in Axes
 59743 | Zot:5    | Reached XP level 27. HP: 273/273 MP: 20/29
 59762 | Zot:5    | Received a gift from Trog
 60100 | Zot:5    | Noticed an ancient lich
 60107 | Zot:5    | Killed an ancient lich
 60115 | Zot:5    | Noticed an orb of fire
 60119 | Zot:5    | Gained mutation: You are weak. (Str -2) [an orb of fire]
 60136 | Zot:5    | Gained mutation: Potions are less effective at restoring your health. [an orb of fire]
 60137 | Zot:5    | Killed an orb of fire
 60698 | Zot:5    | Got the Orb of Zot
 60958 | Depths:2 | Noticed Tujar the pandemonium lord
 61021 | D:14     | Noticed a seraph
 61089 | D:11     | Noticed Orchamui the pandemonium lord
 61188 | D:10     | Noticed Jiummock the pandemonium lord
 61402 | D:3      | Noticed Bugipog the pandemonium lord
 61465 | D:$      | Escaped with the Orb!

Vault maps used:
D:1:      dpeg_arrival_line_fractal
D:2:      ashenzari_conservatory_becter, lemuel_zombie_altar_kikubaaqudgha,
          overflow_temple_1_default
D:3:      cheibrodos_fertilizer, moated_statue, kennysheep_minor_cross,
          uniq_jessica
D:5:      lemuel_doored_altar, lemuel_round_altar, marbit_many_paths,
          cheibrodos_sewer_entry_drain, first_ration, tso_metal_star
D:6:      kennysheep_windowed_halls, kennysheep_slug_shrine,
          grunt_gozag_statues, basic_altar, serial_shops, shop
D:7:      gammafunk_the_bubble, nicolae_overflow_hidden_temple,
          minmay_temple_entry_from_below_a
D:8:      uniq_pikel
D:9:      wad_arrow_thing, dpeg_oklobed_lair, serial_shops, shop, shop,
          shop_scrolls, kennysheep_mini_moat
D:10:     kennysheep_orc_monster_closet_entryway, serial_shops, shop,
          grunt_pizzeria, water_boxes_lemuel, uniq_gastronok
D:11:     serial_shops, bzr_entry_gold, uniq_sonja, uniq_erica
D:12:     serial_shops, nicolae_shop_trees, uniq_nergalle
D:13:     lightli_vaults_fourway_checkpoint, serial_shops,
          nicolae_shop_temple_entry_statues_fountains, minivault_8, uniq_frances
D:14:     serial_shops, shop
D:15:     hangedman_depths_entry_try_elsewhere_first, minmay_misc_feat_iff
Lair:1:   lab_entry_generic, small_statue_intersection
Lair:2:   minmay_swamp_entry_worms, enter_volcano_2, beast_lair_carwin_6,
          lemuel_fruit_fields, serial_bayou_shore_b, uniq_urug
Lair:3:   nicolae_spider_entry_tight_spaces, zaba_anthell, grunt_megastairs_5
Lair:4:   grunt_megastairs_3, lemuel_fruit_fields, infiniplex_staircase_pool_2,
          lemuel_fruit_tree, minmay_lair_oklob_chamber
Lair:5:   slime_altar_1
Lair:6:   evilmike_catoblepas_cave, portal_ice_cave_entry_animals_and_master,
          hangedman_lair_generics_rect
Swamp:1:  evilmike_swamp_ruin_house_4
Swamp:2:  evilmike_swamp_ruin_house_2, swamp_pool1
Swamp:3:  nicolae_swamp_round_clearing, uniq_roxanne, uniq_aizul
Swamp:4:  swamp_basic_johnstein, swamp_pool1, nicolae_swamp_snake_nest
Spider:1: spider_trap, nicolae_spider_circle_web, hangedman_spider_mandibles
Spider:2: nicolae_spider_corner, uniq_donald
Spider:3: uniq_arachne
Spider:4: guppyfry_spider_rune
Orc:1:    serial_shops, shop_statue, uniq_fannar, uniq_snorg
Orc:2:    grunt_orc_cross, serial_shops, shop, basic_altar
Elf:1:    serial_shops, shop, serial_glass, glass_columns_b, glass_columns_a,
          orc_legates, uniq_agnes, uniq_asterion
Elf:2:    dk_noncrumbling_2, hangedman_research_electronics
Elf:3:    minmay_elf_hall_quartered_circle, serial_shops, shop_fountains
Vaults:1: vaults_room_grunt_arrival_ludios, hangedman_vaults_stretched_pinwheel,
          nicolae_vaults_triangles, vaults_dpeg_ring, hangedman_vaults_stream,
          vaults_standard_mumra_lines, nicolae_vaults_network_quincunx,
          grunt_vaults_twisty, st_hourglassy, vaults_mumra_lcd,
          grunt_vaults_focal, serial_ice_b, nicolae_vaults_little_ls,
          serial_ice_g, serial_shops, nicolae_shop_statue_plus
Vaults:2: hangedman_vaults_capsules, vaults_room_stairs_pillars, v_misc_4,
          minmay_crypt_entry_simple_sparse, v_misc_13,
          ontoclasm_vaults_decontamination, ontoclasm_vaults_twist,
          grunt_vaults_trifunnel, nicolae_vaults_angled_halls,
          vaults_room_hallway, vaults_dpeg_encased_lava,
          ontoclasm_vaults_water_temple, v_misc_5, vaults_room_hallway,
          uniq_frederick
Vaults:3: nicolae_vaults_little_squares_5, nicolae_vaults_little_squares_6,
          nicolae_vaults_specimen_jars, nicolae_vaults_little_squares_4,
          vaults_room_pools, hangedman_vaults_cutoff, v_misc_13,
          grunt_vaults_hallway_short, vaults_room_door_ring
Vaults:4: vaults_room_door_ring, grunt_vaults_funnel, ontoclasm_vaults_pinch,
          v_pattern_1, nicolae_vaults_little_squares_5, hangedman_vaults_slice,
          v_misc_4, v_rooms_1, nicolae_vaults_mini_display_case,
          ontoclasm_vaults_idyll, uniq_margery, uniq_sojobo
Vaults:5: serial_shops
Depths:1: enter_ziggurat_b, abyss_entry, kennysheep_nub, hell_entry,
          fountainhead, minivault_10, hangedman_decor_growths,
          evilmike_spriggan_trog_shrine, uniq_jorgrun
Depths:2: minmay_skeleton_keep, pf_hell_entry_tar_spiral, abyss_entry,
          minmay_misc_feat_x, grunt_megastairs_1,
          minmay_staircase_windowed_large
Depths:3: giant_chief_lemuel, grunt_hell_horde, pan_entry, abyss_entry,
          serial_sigils_hangedman_leer, serial_bayou_shore_b,
          grunt_megastairs_4, infiniplex_staircase_zigzag_2, minmay_shop_grove,
          firewood_loft, serial_bayou_shore_b, uniq_xtahua
Depths:4: cheibrodos_cascadia, rand_demon_pan_entry_3, pf_dread_powers_of_hell,
          abyss_entry, serial_co_window_serial, co_window_corner_a,
          co_window_paths_a, co_window_of_opportunity_a, co_window_corner_a,
          co_window_paths_a, co_window_2corner, co_window_unsneaky_path_e,
          co_window_2corner, co_window_paths_d, glass_columns_a,
          glass_columns_a, glass_columns_b, glass_columns_a,
          serial_bayou_shore_b, minmay_staircase_bubble, uniq_enchantress,
          uniq_saint_roka
Depths:5: grunt_zot_entry_tricorne, hell_entry, rand_demon_pan_entry_4,
          nemelex_xobeh_ov_fountains_minmay, guppyfry_shop_blood,
          serial_bayou_shore_b, infiniplex_staircase_pool_lava,
          minmay_shop_star, serial_bayou_shore_b
Zot:2:    kennysheep_blocky_room, grunt_megastairs_2
Zot:3:    grunt_ministairs_15
Zot:5:    st_stairs_5
Lab:      nicolae_lab_dead_adventurers, labyrinth_glass_1
Bazaar:   bazaar_jpeg_circle_common
Sewer:    kennysheep_door_sewer
Volcano:  volcano_bunker

Skill      XL: |  1  2  3  4  5  6  7  8  9 10 11 12 13 14 15 16 17 18 19 20 21 22 23 24 25 26 27 |
---------------+----------------------------------------------------------------------------------+-----
Axes           | 4 5 6 7 8 10 12 14 15 17 19 20 21 24 27 | 27.0
Fighting       | 4 5 6 7 9 10 12 13 14 16 18 19 21 22 24 26 27 | 27.0
Armour         | 3 4 5 6 7 9 10 11 12 13 15 16 17 18 19 20 21 | 21.0
Evocations     | 1 5 6 8 9 10 11 12 13 14 15 | 15.0
Dodging        | 5 7 10 11 12 13 15 16 17 19 20 21 | 21.0
Shields        | 10 15 16 18 22 | 22.2

Action                   |  1- 3 |  4- 6 |  7- 9 | 10-12 | 13-15 | 16-18 | 19-21 | 22-24 | 25-27 || total
-------------------------+-------+-------+-------+-------+-------+-------+-------+-------+-------++-------
Melee: Hand axe          |    78 |    62 |   174 |       |       |       |       |       |       ||   314
       Headbutt          |    17 |    17 |    61 |   117 |   231 |   289 |   341 |   480 |   378 ||  1931
       War axe           |       |       |   182 |   473 |       |       |       |       |       ||   655
       Battleaxe         |       |       |       |    24 |   899 |  1107 |  1060 |   198 |       ||  3288
       Broad axe         |       |       |       |       |       |       |       |  1224 |  1061 ||  2285
Throw: Tomahawk          |       |    10 |    14 |     7 |       |       |       |     1 |     3 ||    35
       Throwing net      |       |       |       |     1 |     1 |       |       |       |       ||     2
Invok: Berserk           |       |     2 |     6 |     5 |     1 |     6 |     6 |     1 |       ||    27
       Trog's Hand       |       |     1 |     2 |     6 |    10 |    16 |     9 |     7 |     4 ||    55
       Brothers in Arms  |       |       |       |     2 |     3 |    10 |     7 |     5 |     6 ||    33
 Abil: Evoke Blink       |       |       |       |       |       |       |       |       |     1 ||     1
Evoke: Wand              |       |       |       |     3 |     5 |     2 |       |       |     8 ||    18
       Box of beasts     |       |       |       |       |       |       |       |     1 |     2 ||     3
       Sack of spiders   |       |       |       |       |       |       |       |       |     2 ||     2
  Use: Scroll            |       |       |    16 |    12 |    16 |    29 |     8 |    22 |    22 ||   125
       Potion            |       |       |       |       |     7 |     3 |       |     5 |     9 ||    24
 Stab: Petrifying        |       |       |       |       |     1 |       |       |       |       ||     1
       Distracted        |       |       |       |       |       |       |       |     3 |     2 ||     5
  Eat: Chunk             |     2 |     4 |    18 |    24 |    29 |    39 |    37 |    26 |    15 ||   194
       Ration            |       |       |       |     2 |     1 |     5 |       |     3 |     4 ||    15
Armor: Animal skin       |     7 |       |       |       |       |       |       |       |       ||     7
       Ring mail         |    18 |    14 |    33 |       |       |       |       |       |       ||    65
       Chain mail        |       |       |    77 |   203 |       |       |       |       |       ||   280
       Plate armour      |       |       |    38 |    60 |   458 |   614 |       |       |       ||  1170
       Crystal plate arm |       |       |       |       |       |   321 |   688 |   498 |   304 ||  1811
Dodge: Dodged            |    47 |    28 |   132 |   155 |   293 |   660 |   420 |   376 |   330 ||  2441
Block: Shield            |       |       |       |       |       |       |       |   511 |   476 ||   987
       Reflection        |       |       |       |       |       |       |       |    83 |     9 ||    92

Table legend:
 A = Spawn XP
 B = Non-spawn XP
 C = Spawn XP percentage of total XP
 D = Spawn monster count
 E = Non-spawn monster count
 F = Spawn count percentage of total count
 G = Total turns spent on level
                    A         B        C        D         E        F      G
               +---------+---------+-------+---------+---------+-------+---------
         Total |       0 | 1604514 |   0.0 |       0 |    2447 |   0.0 | 61465
               +---------+---------+-------+---------+---------+-------+---------
           D:1 |       0 |      32 |   0.0 |       0 |      17 |   0.0 |   795
           D:2 |       0 |      27 |   0.0 |       0 |       9 |   0.0 |   595
           D:3 |       0 |     219 |   0.0 |       0 |      33 |   0.0 |  1136
           D:4 |       0 |    1020 |   0.0 |       0 |      35 |   0.0 |   751
           D:5 |       0 |    1046 |   0.0 |       0 |      20 |   0.0 |   878
           D:6 |       0 |    1822 |   0.0 |       0 |      36 |   0.0 |  1119
           D:7 |       0 |    1566 |   0.0 |       0 |      47 |   0.0 |  1556
           D:8 |       0 |    3191 |   0.0 |       0 |      32 |   0.0 |  1234
           D:9 |       0 |    3010 |   0.0 |       0 |      38 |   0.0 |  1633
          D:10 |       0 |    8884 |   0.0 |       0 |      67 |   0.0 |  1443
          D:11 |       0 |    6755 |   0.0 |       0 |      38 |   0.0 |   936
          D:12 |       0 |    6077 |   0.0 |       0 |      22 |   0.0 |  1033
          D:13 |       0 |   13973 |   0.0 |       0 |      44 |   0.0 |  1181
          D:14 |       0 |   11378 |   0.0 |       0 |      50 |   0.0 |  1008
          D:15 |       0 |    8717 |   0.0 |       0 |      32 |   0.0 |   835
        Lair:1 |       0 |    2074 |   0.0 |       0 |      13 |   0.0 |   926
        Lair:2 |       0 |    8787 |   0.0 |       0 |      22 |   0.0 |   992
        Lair:3 |       0 |   12067 |   0.0 |       0 |      79 |   0.0 |  1273
        Lair:4 |       0 |    5910 |   0.0 |       0 |      22 |   0.0 |   671
        Lair:5 |       0 |    7254 |   0.0 |       0 |      31 |   0.0 |  1020
        Lair:6 |       0 |   24776 |   0.0 |       0 |      59 |   0.0 |  1260
       Swamp:1 |       0 |    8051 |   0.0 |       0 |      26 |   0.0 |   602
       Swamp:2 |       0 |   13543 |   0.0 |       0 |      30 |   0.0 |   492
       Swamp:3 |       0 |   11443 |   0.0 |       0 |      22 |   0.0 |   863
       Swamp:4 |       0 |   34552 |   0.0 |       0 |      67 |   0.0 |  1219
      Spider:1 |       0 |    9516 |   0.0 |       0 |      24 |   0.0 |  1197
      Spider:2 |       0 |   26676 |   0.0 |       0 |      71 |   0.0 |  2070
      Spider:3 |       0 |    9379 |   0.0 |       0 |      16 |   0.0 |   752
      Spider:4 |       0 |   41335 |   0.0 |       0 |      75 |   0.0 |  1286
         Orc:1 |       0 |    9022 |   0.0 |       0 |      55 |   0.0 |  1116
         Orc:2 |       0 |    8350 |   0.0 |       0 |      65 |   0.0 |  1088
         Elf:1 |       0 |   23460 |   0.0 |       0 |      46 |   0.0 |  1111
         Elf:2 |       0 |   40151 |   0.0 |       0 |      62 |   0.0 |  1351
         Elf:3 |       0 |   70517 |   0.0 |       0 |      58 |   0.0 |  1660
      Vaults:1 |       0 |   67471 |   0.0 |       0 |     125 |   0.0 |  1462
      Vaults:2 |       0 |   63446 |   0.0 |       0 |      96 |   0.0 |  1427
      Vaults:3 |       0 |   39030 |   0.0 |       0 |      63 |   0.0 |  1302
      Vaults:4 |       0 |   97624 |   0.0 |       0 |     111 |   0.0 |  2332
      Vaults:5 |       0 |  124475 |   0.0 |       0 |      96 |   0.0 |  1488
      Depths:1 |       0 |   28134 |   0.0 |       0 |      35 |   0.0 |  1757
      Depths:2 |       0 |   76372 |   0.0 |       0 |     111 |   0.0 |  1709
      Depths:3 |       0 |   83148 |   0.0 |       0 |      86 |   0.0 |  2087
      Depths:4 |       0 |   60121 |   0.0 |       0 |      76 |   0.0 |  1755
      Depths:5 |       0 |   91821 |   0.0 |       0 |      67 |   0.0 |  2053
         Zot:1 |       0 |   75178 |   0.0 |       0 |      45 |   0.0 |   926
         Zot:2 |       0 |   32043 |   0.0 |       0 |      17 |   0.0 |  1016
         Zot:3 |       0 |   50469 |   0.0 |       0 |      30 |   0.0 |   966
         Zot:4 |       0 |   70293 |   0.0 |       0 |      44 |   0.0 |  1003
         Zot:5 |       0 |  203030 |   0.0 |       0 |      64 |   0.0 |  1882
           Lab |       0 |    1292 |   0.0 |       0 |       1 |   0.0 |   596
         Sewer |       0 |     131 |   0.0 |       0 |       6 |   0.0 |   183
       Volcano |       0 |    5856 |   0.0 |       0 |      11 |   0.0 |   351
               +---------+---------+-------+---------+---------+-------+---------
